 Dungeon Crawl Stone Soup version 0.20.1-1-g8b1a95d (webtiles) character file.

451 Goboxel the Slasher (level 6, -3/48 HPs)
             Began as a Demonspawn Gladiator on July 13, 2017.
             Slain by Kloppie's ghost (15 damage)
             ... on level 4 of the Dungeon.
             The game lasted 00:05:09 (2993 turns).

Goboxel the Slasher (Demonspawn Gladiator)          Turns: 2993, Time: 00:05:10

Health: -3/48      AC:  4    Str: 14    XL:     6   Next: 75%
Magic:  6/6        EV: 13    Int: 10    God:
Gold:   134        SH:  5    Dex: 16    Spells: 5/5 levels left

rFire    + . .     SeeInvis .   a - +0 long sword
rCold    . . .     Gourm    +   m - +0 buckler
rNeg     . . .     Faith    .   b - +0 leather armour
rPois    .         Spirit   .   c - +0 helmet
rElec    .         Reflect  .   (no cloak)
rCorr    .         Harm     .   (no gloves)
MR       .....                  (no boots)
Stlth    +.........             n - amulet of the gourmand
Regen    0.2/turn               s - ring of protection from fire
MPRegen  0.1/turn               (no ring)

@: no status effects
A: hooves 1, spiny 2
a: no special abilities


You were on level 4 of the Dungeon.
You were very full.

You visited 1 branch of the dungeon, and saw 4 of its levels.

You collected 134 gold pieces.

Inventory:

Hand Weapons
 a - a +0 long sword (weapon)
Missiles
 d - 4 throwing nets (quivered)
Armour
 b - a +0 leather armour (worn)
 c - a +0 helmet (worn)
 m - a +0 buckler (worn)
Jewellery
 j - an uncursed amulet of harm {unknown}
 n - an amulet of the gourmand (around neck)
 s - a ring of protection from fire (left hand)
Scrolls
 e - 3 scrolls of teleportation
 g - 3 scrolls of remove curse {unknown}
 h - 2 scrolls of magic mapping {unknown}
 q - a scroll of fog {unknown}
 r - a scroll of enchant armour {unknown}
Potions
 i - a potion of resistance
 p - 2 potions of ambrosia
 t - a potion of flight {unknown}
 u - 2 potions of haste {unknown}
Comestibles
 f - 2 bread rations
 k - 7 fruits
 o - 3 meat rations


   Skills:
 + Level 3.8 Fighting
 * Level 4.6 Long Blades
 - Level 1.7 Throwing
 + Level 4.1 Dodging
 + Level 2.2 Shields


You had 5 spell levels left.
You didn't know any spells.

Dungeon Overview and Level Annotations

Branches:
Dungeon (4/15)
 Temple: D:4-7

Altars:

Annotations:
D:4 Kloppie's ghost, novice MiFi


Innate Abilities, Weirdness & Mutations

You have large cloven feet.
You are mostly covered in sharp spines.


Message History

You slash Kloppie's ghost!
You kick Kloppie's ghost, but do no damage.
Kloppie's ghost is severely damaged.
Kloppie's ghost is struck by your spines.
Kloppie's ghost hits you but does no damage.
You hit Kloppie's ghost.
Kloppie's ghost is severely damaged.
Kloppie's ghost hits you.
* * * LOW HITPOINT WARNING * * *
You hit Kloppie's ghost but do no damage.
You kick Kloppie's ghost.
Kloppie's ghost is almost destroyed.
Kloppie's ghost hits you but does no damage.
Kloppie's ghost hits you.
* * * LOW HITPOINT WARNING * * *
You hit Kloppie's ghost. You kick Kloppie's ghost.
Kloppie's ghost is almost destroyed.
Kloppie's ghost shouts, "They lied to you.
The Dungeon just goes down and down forever."
Kloppie's ghost hits you!
You die...

+.......# .....#
#.......# .....#
#.......# .....#
#.......#
.....#########.......#
.............>.......#
.................W...#
................@....#
.....................#
##'########'###+#....#
#.....'......# ....#
#.....#......+ ....#
#.....#......# ....+
#.....##.....# ....#
####+###.....# ....# #
#....##


You could see Kloppie's ghost.

Vanquished Creatures
  A phantom (D:4)
  2 howler monkeys (D:4)
  4 orc wizards
  4 gnolls
  3 adders
  An ooze (D:3)
  2 worms (D:2)
  3 dart slugs (D:2)
  3 leopard geckos
  10 orcs
  8 bats
  8 giant cockroaches
  5 goblins
  6 hobgoblins
  7 jackals
  7 kobolds
  A quokka (D:4)
  2 ball pythons
  9 rats
86 creatures vanquished.

Notes
Turn   | Place    | Note
-------+----------+-------------------------------------------
     0 | D:1      | Goboxel the Demonspawn Gladiator began the quest for the Orb.
     0 | D:1      | Reached XP level 1. HP: 16/16 MP: 1/1
   280 | D:1      | Gained mutation: You are partially covered in sharp spines. [demonic ancestry]
   280 | D:1      | Reached XP level 2. HP: 19/22 MP: 2/2
   911 | D:2      | Gained mutation: You have large cloven feet. [demonic ancestry]
   911 | D:2      | Reached XP level 3. HP: 21/28 MP: 3/3
  1607 | D:2      | Reached skill level 1 in Shields
  1607 | D:2      | Gained mutation: You are mostly covered in sharp spines. [demonic ancestry]
  1607 | D:2      | Reached XP level 4. HP: 34/34 MP: 4/4
  2071 | D:3      | Reached XP level 5. HP: 17/41 MP: 5/5
  2071 | D:3      | HP: 2/41 [orc/trident (7)]
  2729 | D:4      | Noticed a phantom
  2747 | D:4      | Killed a phantom
  2747 | D:4      | Reached XP level 6. HP: 33/47 MP: 6/6
  2970 | D:4      | Noticed Kloppie's ghost (novice MiFi)
  2993 | D:4      | Slain by Kloppie's ghost

Skill      XL: |  1  2  3  4  5  6 |
---------------+-------------------+-----
Dodging        | 3 4 |  4.1
Long Blades    | 3 4 |  4.6
Shields        | 1 2 |  2.2
Fighting       | 3 |  3.8
Throwing       | |  1.7

Action                   |  1- 3 |  4- 6 || total
-------------------------+-------+-------++-------
Melee: Long sword        |    76 |   115 ||   191
       Kick              |    11 |    43 ||    54
  Use: Scroll            |       |     4 ||     4
       Potion            |       |     1 ||     1
 Stab: Sleeping          |     1 |     1 ||     2
  Eat: Chunk             |     2 |    13 ||    15
Armor: Leather armour    |    29 |    19 ||    48
Dodge: Dodged            |    47 |    68 ||   115
Block: Buckler           |     7 |    20 ||    27
       Rpst.: Long sword |    15 |    18 ||    33
